 Dungeon Crawl Stone Soup version 0.30-a0-177-g1cb5dbfd7a (webtiles) character file.

Game seed: 3187832032440437082

1676 ytrimaz the Chopper (level 9, 0/69 HPs)
             Began as a Gnoll Reaver on Oct 3, 2022.
             Succumbed to a water moccasin's poison
             ... on level 6 of the Dungeon.
             The game lasted 00:11:54 (6106 turns).

ytrimaz the Chopper (Gnoll Reaver)                  Turns: 6106, Time: 00:11:55

Health: 0/69       AC: 10    Str: 21    XL:     9   Next: 1%
Magic:  4/18       EV: 13    Int: 13    God:
Gold:   427        SH:  0    Dex: 11    Spells: 17/20 levels left

rFire   . . .      SeeInvis +    f - +0 hand axe (flame)
rCold   . . .      Faith    .    (no shield)
rNeg    + . .      Spirit   +    j - +2 ring mail {rN+}
rPois   .          Reflect  .    (no helmet)
rElec   .          Harm     .    b - +0 cloak
rCorr   .          Rampage  .    k - +0 pair of gloves
Will    .....                    (no boots)
Stlth   ++........               x - amulet of guardian spirit
HPRegen 0.31/turn                q - +6 ring of strength
MPRegen 0.16/turn                y - ring of see invisible

@: lethally poisoned (0 -> -13), weakened
A: fangs 1, strong nose, distributed training
a: no special abilities


You were on level 6 of the Dungeon.
You visited 2 branches of the dungeon, and saw 7 of its levels.

You collected 427 gold pieces.


Innate Abilities, Weirdness & Mutations

You have very sharp teeth.
Your uncanny sense of smell can sniff out nearby items.
Your experience applies equally to all skills.


   Skills:
 + Level 6.1 Fighting
 + Level 3.9 Short Blades
 + Level 3.9 Long Blades
 + Level 7.7 Axes
 + Level 3.9 Maces & Flails
 + Level 3.9 Polearms
 + Level 3.9 Staves
 + Level 3.9 Ranged Weapons
 + Level 3.9 Throwing
 + Level 3.9 Armour
 + Level 6.1 Dodging
 + Level 3.9 Stealth
 + Level 3.9 Shields
 + Level 3.9 Unarmed Combat
 + Level 6.4 Spellcasting
 + Level 6.4 Conjurations
 + Level 3.2 Hexes
 + Level 3.2 Summonings
 + Level 3.2 Necromancy
 + Level 3.2 Translocations
 + Level 3.2 Transmutations
 + Level 3.2 Fire Magic
 + Level 3.2 Ice Magic
 + Level 3.2 Air Magic
 + Level 3.2 Earth Magic
 + Level 3.2 Poison Magic
 + Level 4.3 Invocations
 + Level 3.9 Evocations


You had 17 spell levels left.
You knew the following spells:

 Your Spells              Type           Power      Damage    Failure   Level
a - Kiss of Death         Conj/Necr      64%        2d10      3%          1
b - Momentum Strike       Conj/Tloc      32%        3d8       5%          2

Your spell library contained the following spells:

 Spells                   Type           Power      Damage    Failure   Level
 Apportation              Tloc           24%        N/A       7%          1
 Sting                    Tmut/Pois      48%        1d5       7%          1
 Ensorcelled Hibernation  Hex/Ice        24%        N/A       11%         2
 Poisonous Vapours        Pois/Air       24%        N/A       11%         2
 Dazzling Flash           Conj/Hex       32%        N/A       11%         3
 Hailstorm                Conj/Ice       16%        3d6       11%         3
 Spider Form              Tmut/Pois      12%        N/A       21%         3
 Iskenderun's Mystic Bla  Conj/Tloc      16%        2d5       34%         4
 Anguish                  Hex/Necr       6%         N/A       56%         4
 Olgreb's Toxic Radiance  Pois           12%        N/A       56%         4
 Alistair's Intoxication  Tmut/Pois      8%         N/A       88%         5
 Starburst                Conj/Fire      8%         6d4       99%         6

Inventory:

Hand Weapons
 a - a +0 vorpal hand axe
 f - a +0 hand axe of flaming (weapon)
   (You found it on level 4 of the Dungeon)
Missiles
 g - 2 throwing nets
Armour
 b - a +0 cloak (worn)
   (You took it off Crazy Yiuf on level 2 of the Dungeon)
 j - a +2 ring mail of positive energy (worn)
   (You found it on level 2 of the Dungeon)
 k - a +0 pair of gloves (worn)
   (You found it on level 2 of the Dungeon)
 t - a +0 helmet
   (You took it off Robin on level 4 of the Dungeon)
Jewellery
 i - an amulet of reflection
   (You found it on level 2 of the Dungeon)
 m - a +6 ring of dexterity
   (You took it off a goblin on level 3 of the Dungeon)
 q - a +6 ring of strength (left hand)
   (You found it on level 3 of the Dungeon)
 v - a +6 ring of dexterity
   (You found it on level 5 of the Dungeon)
 x - an amulet of guardian spirit (around neck)
   (You found it on level 5 of the Dungeon)
 y - a ring of see invisible (right hand)
   (You found it on level 6 of the Dungeon)
Wands
 u - a wand of flame (5)
   (You found it on level 4 of the Dungeon)
Scrolls
 d - 2 scrolls of brand weapon
 e - 2 scrolls of teleportation
 h - a scroll of poison
 n - 3 scrolls of vulnerability
 p - a scroll of enchant armour
 r - a scroll of magic mapping
 s - a scroll of amnesia
 w - a scroll of torment
Potions
 c - 4 potions of brilliance
 l - a potion of heal wounds
 o - a potion of attraction

Dungeon Overview and Level Annotations

Branches:
Dungeon (6/15) Zot: 26631  Temple (1/1) D:6 Zot: 5821

Altars:
Ashenzari
Dithmenos
Elyvilon
Kikubaaqudgha
Makhleb
Okawaru
Qazlal
Ru
Sif Muna
Trog
Xom
Yredelemnul
Zin

Portals:
Abyss: D:4

Annotations:
D:4 hgbash's ghost, amateur GrEE

###### #..... ##..... ########
#...#'# #. .#......# ####..#
#.. ..#......# #...# #..
..#......# #...# #..
.##@....[########..#
##..######.########.......#..#
+..........+......#.......'...
#..........#......'.......#...
###...##..###..####.......####
##...###'###..#.....#########
#.....#.......#.....# #..
#.....#.......P.P...# +..
+.....#......##.##..# #..


There were no monsters in sight!


Message History

Unknown command.
You barely miss the gnoll.
The water moccasin hisses angrily.
You hit the gnoll bouda but do no damage.
You hit the gnoll. You burn the gnoll.
The gnoll bouda calls upon its god to heal the gnoll.
The gnoll is healed somewhat.
The gnoll misses you. The gnoll closely misses you.
You closely miss the gnoll. You barely miss the gnoll.
You completely miss the gnoll bouda.
The gnoll bouda calls upon its god to heal the gnoll.
The gnoll's wounds heal themselves!
The gnoll misses you. The gnoll hits you with a +0 halberd.
You hit the gnoll bouda but do no damage.
You hit the gnoll. You burn the gnoll. You hit the gnoll but do no damage.
The gnoll bouda hits you with a +0 whip!
The gnoll hits you with a +0 flail!
The gnoll hits you but does no damage. 😮 HP[-11] MP[-3]
You take 11 damage, and now have 51/69 hp.
You lost 3 mp, and now have 13/18 mp.
You are too injured to fight recklessly!
Unknown command.
You are too injured to fight recklessly!
You are too injured to fight recklessly!
Unknown command.
Casting: Momentum Strike (safe; 5% risk of failure)
Confirm with . or Enter, or press ? or * to list all spells.
Aiming: Momentum Strike (safe; 5% risk of failure)
Press: ? - help, Dir - move target, f - gnoll bouda
Aim: a gnoll bouda, wielding a +0 whip and wearing a +0 ring mail (79% to hit)
The concentrated momentum hits the gnoll bouda!
You are unable to move.
The gnoll bouda barely misses you.
The gnoll barely misses you. x2 😮 MP[-2]
You lost 2 mp, and now have 11/18 mp.
Unknown command.
You barely miss the gnoll bouda. Your bite misses the gnoll bouda.
You hit the gnoll. You burn the gnoll. You hit the gnoll. You burn the gnoll.
The gnoll bouda gazes fiercely through you!
You feel your attacks grow feeble.
The gnoll bouda hits you with a +0 whip.
The gnoll hits you with a +0 flail. 😮 HP[-8]
You take 8 damage, and now have 43/69 hp.
You barely miss the gnoll bouda. Your bite misses the gnoll bouda.
You hit the gnoll. You burn the gnoll. You hit the gnoll. You burn the gnoll.
The gnoll is no longer moving quickly.
The gnoll hits you with a +0 halberd. The gnoll bouda barely misses you.
The gnoll misses you. 😮 HP[-2]
You take 2 damage, and now have 41/69 hp.
Unknown command.
You hit the gnoll bouda. You burn the gnoll bouda.
You kill the gnoll bouda!
You closely miss the gnoll. x2; You closely miss the water moccasin.
The water moccasin bites you but does no damage.
The gnoll hits you with a +0 halberd!
* * * LOW HITPOINT WARNING * * *
The water moccasin bites you.
* * * LOW HITPOINT WARNING * * *
The gnoll hits you with a +0 flail.
* * * LOW HITPOINT WARNING * * *
😨 HP[-18] MP[-4]
You take 18 damage, and now have 23/69 hp.
MASSIVE DAMAGE!! (PAUSE)
You lost 4 mp, and now have 7/18 mp.
As you read the scroll of teleportation, it crumbles to dust.
You feel strangely unstable. The gnoll hits you with a +0 halberd!
* * * LOW HITPOINT WARNING * * *
The water moccasin misses you.
The gnoll barely misses you. 😱 HP[-9] MP[-2]
You take 9 damage, and now have 14/69 hp.
You lost 2 mp, and now have 5/18 mp.
Unknown command.
You miss the water moccasin. You hit the gnoll. You burn the gnoll.
You kill the gnoll!
You hit the gnoll. You burn the gnoll.
The gnoll is no longer moving quickly.
The water moccasin misses you.
The gnoll closely misses you. 😱 HP[+1] Unknown command.
You hit the gnoll. You burn the gnoll.
You kill the gnoll!
You miss the water moccasin. The water moccasin bites you.
* * * LOW HITPOINT WARNING * * *
The water moccasin bites you!
* * * LOW HITPOINT WARNING * * *
You are lethally poisoned!
The water moccasin poisons you! 😱 HP[-9] MP[-2]
You take 9 damage, and now have 6/69 hp.
You lost 2 mp, and now have 3/18 mp.
You hit the water moccasin but do no damage.
Your surroundings suddenly seem different.
You are no longer robbed of momentum.
* * * LOW HITPOINT WARNING * * *
You feel very sick. 😱 HP[-4]
You take 4 damage, and now have 2/69 hp.
Unknown command.
You die...

Skill      XL: |  1  2  3  4  5  6  7  8 |
---------------+-------------------------+-----
Spellcasting   | 5 6 |  6.4
Invocations    | 1 2 3 4 |  4.3
Short Blades   | 1 2 3 |  3.9
Long Blades    | 1 2 3 |  3.9
Maces & Flails | 1 2 3 |  3.9
Polearms       | 1 2 3 |  3.9
Staves         | 1 2 3 |  3.9
Ranged Weapons | 1 2 3 |  3.9
Throwing       | 1 2 3 |  3.9
Armour         | 1 2 3 |  3.9
Stealth        | 1 2 3 |  3.9
Shields        | 1 2 3 |  3.9
Unarmed Combat | 1 2 3 |  3.9
Evocations     | 1 2 3 |  3.9
Hexes          | 1 2 3 |  3.2
Summonings     | 1 2 3 |  3.2
Necromancy     | 1 2 3 |  3.2
Translocations | 1 2 3 |  3.2
Transmutations | 1 2 3 |  3.2
Fire Magic     | 1 2 3 |  3.2
Ice Magic      | 1 2 3 |  3.2
Air Magic      | 1 2 3 |  3.2
Earth Magic    | 1 2 3 |  3.2
Poison Magic   | 1 2 3 |  3.2
Fighting       | 5 6 |  6.1
Dodging        | 5 6 |  6.1
Axes           | 7 |  7.7
Conjurations   | 6 |  6.4

Action                   |  1- 3 |  4- 6 |  7- 9 || total
-------------------------+-------+-------+-------++-------
Melee: Hand axe          |   136 |   142 |   203 ||   481
       Bite              |    11 |    17 |    26 ||    54
       Punch             |       |     2 |     3 ||     5
 Cast: Kiss of Death     |     2 |     1 |       ||     3
       Momentum Strike   |       |     5 |     9 ||    14
Evoke: Wand              |       |       |     3 ||     3
  Use: Scroll            |     6 |     3 |     4 ||    13
       Potion            |       |       |     2 ||     2
 Stab: Sleeping          |       |       |     1 ||     1
Armor: Leather armour    |    33 |       |       ||    33
       Ring mail         |     1 |    65 |    79 ||   145
Dodge: Dodged            |    77 |    93 |   183 ||   353
Block: Other             |     7 |    37 |    15 ||    59

Levels and vault maps discovered:
D:1:      dpeg_arrival_short_road, layout_basic, st_stairs_7
D:2:      layout_loops_ring, uniq_crazy_yiuf_cottage
D:3:      layout_loops_cross, zin_scriptorium, chequers_ecumenical_altar_island,
          dreamdust_princess_bridge, nicolae_figureground_pulse
D:4:      layout_basic, gammafunk_ghost_abyssal_escape, uniq_eustachio,
          uniq_menkaure, uniq_robin, uniq_blork_the_orc
D:5:      layout_cave_pools, uniq_sigmund, uniq_duvessa
D:6:      layout_gridville, minitemple, minmay_temple_entry_gardened_gates,
          minmay_misc_feat_square, kennysheep_decorative_pillar, uniq_maggie
Temple:   chequers_temple_sunken

Notes
Turn   | Place    | Note
-------+----------+-------------------------------------------
     0 | D:1      | ytrimaz the Gnoll Reaver began the quest for the Orb.
     0 | D:1      | Reached XP level 1. HP: 20/20 MP: 6/6
     0 | D:1      | magus.rc [v1.9.6]
   232 | D:1      | You pick up a book of Dreams and begin reading...
   232 | D:1      | You add the spells Ensorcelled Hibernation, Spider Form and
                  | Anguish to your library.
   273 | D:1      | Reached XP level 2. HP: 19/26 MP: 7/7
   583 | D:1      | Reached skill level 5 in Spellcasting
   583 | D:1      | Reached XP level 3. HP: 28/31 MP: 7/9
   963 | D:2      | Reached skill level 1 in Invocations
  1337 | D:2      | Reached skill level 1 in Short Blades
  1337 | D:2      | Reached skill level 1 in Long Blades
  1337 | D:2      | Reached skill level 1 in Maces & Flails
  1337 | D:2      | Reached skill level 1 in Polearms
  1337 | D:2      | Reached skill level 1 in Staves
  1337 | D:2      | Reached skill level 1 in Ranged Weapons
  1337 | D:2      | Reached skill level 1 in Throwing
  1337 | D:2      | Reached skill level 1 in Armour
  1337 | D:2      | Reached skill level 1 in Stealth
  1337 | D:2      | Reached skill level 1 in Shields
  1337 | D:2      | Reached skill level 1 in Unarmed Combat
  1337 | D:2      | Reached skill level 1 in Evocations
  1462 | D:2      | Found a runed translucent door.
  1463 | D:2      | Noticed Crazy Yiuf
  1711 | D:2      | Killed Crazy Yiuf
  1712 | D:2      | Reached XP level 4. HP: 15/36 MP: 9/11
  1871 | D:3      | Found a faded altar of an unknown god.
  1878 | D:3      | Reached skill level 1 in Hexes
  1878 | D:3      | Reached skill level 1 in Summonings
  1878 | D:3      | Reached skill level 1 in Necromancy
  1878 | D:3      | Reached skill level 1 in Translocations
  1878 | D:3      | Reached skill level 1 in Transmutations
  1878 | D:3      | Reached skill level 1 in Fire Magic
  1878 | D:3      | Reached skill level 1 in Ice Magic
  1878 | D:3      | Reached skill level 1 in Air Magic
  1878 | D:3      | Reached skill level 1 in Earth Magic
  1878 | D:3      | Reached skill level 1 in Poison Magic
  2379 | D:3      | Found a glowing silver altar of Zin.
  2720 | D:4      | Reached XP level 5. HP: 43/43 MP: 12/12
  2747 | D:4      | Found a transporter.
  2749 | D:4      | Found a transporter.
  2752 | D:4      | Noticed a small abomination
  2759 | D:4      | Noticed a kobold brigand
  2794 | D:4      | Noticed hgbash's ghost (amateur GrEE)
  2838 | D:4      | HP: 9/43 [iguana (7)]
  3046 | D:4      | Noticed Menkaure
  3051 | D:4      | Learned a level 2 spell: Momentum Strike
  3055 | D:4      | HP: 3/38 [Menkaure (19)]
  3057 | D:4      | Killed Menkaure
  3412 | D:4      | Noticed Robin
  3418 | D:4      | Reached skill level 2 in Invocations
  3423 | D:4      | Reached XP level 6. HP: 40/49 MP: 13/13
  3428 | D:4      | Reached skill level 5 in Fighting
  3428 | D:4      | Reached skill level 2 in Short Blades
  3428 | D:4      | Reached skill level 2 in Long Blades
  3428 | D:4      | Reached skill level 2 in Maces & Flails
  3428 | D:4      | Reached skill level 2 in Polearms
  3428 | D:4      | Reached skill level 2 in Staves
  3428 | D:4      | Reached skill level 2 in Ranged Weapons
  3428 | D:4      | Reached skill level 2 in Throwing
  3428 | D:4      | Reached skill level 2 in Armour
  3428 | D:4      | Reached skill level 5 in Dodging
  3428 | D:4      | Reached skill level 2 in Stealth
  3428 | D:4      | Reached skill level 2 in Shields
  3428 | D:4      | Reached skill level 2 in Unarmed Combat
  3428 | D:4      | Reached skill level 2 in Evocations
  3449 | D:4      | Killed Robin
  3529 | D:4      | Found a one-way gate to the infinite horrors of the Abyss.
  3529 | D:4      | Noticed Blork the orc
  3538 | D:4      | Killed Blork the orc
  3767 | D:4      | Noticed Eustachio
  3783 | D:4      | Killed Eustachio
  3784 | D:4      | Reached XP level 7. HP: 42/56 MP: 12/15
  4112 | D:4      | Reached skill level 7 in Axes
  4112 | D:4      | Reached skill level 2 in Hexes
  4112 | D:4      | Reached skill level 2 in Summonings
  4112 | D:4      | Reached skill level 2 in Necromancy
  4112 | D:4      | Reached skill level 2 in Translocations
  4112 | D:4      | Reached skill level 2 in Transmutations
  4112 | D:4      | Reached skill level 2 in Fire Magic
  4112 | D:4      | Reached skill level 2 in Ice Magic
  4112 | D:4      | Reached skill level 2 in Air Magic
  4112 | D:4      | Reached skill level 2 in Earth Magic
  4112 | D:4      | Reached skill level 2 in Poison Magic
  4236 | D:5      | Entered Level 5 of the Dungeon
  4297 | D:5      | You add the spells Sting, Poisonous Vapours and Olgreb's
                  | Toxic Radiance to your library.
  4307 | D:5      | Noticed Dowan
  4324 | D:5      | Reached skill level 3 in Invocations
  4392 | D:5      | Reached skill level 6 in Conjurations
  4474 | D:5      | Noticed Duvessa
  4484 | D:5      | Killed Duvessa
  4485 | D:5      | Reached skill level 3 in Short Blades
  4485 | D:5      | Reached skill level 3 in Long Blades
  4485 | D:5      | Reached skill level 3 in Maces & Flails
  4485 | D:5      | Reached skill level 3 in Polearms
  4485 | D:5      | Reached skill level 3 in Staves
  4485 | D:5      | Reached skill level 3 in Ranged Weapons
  4485 | D:5      | Reached skill level 3 in Throwing
  4485 | D:5      | Reached skill level 3 in Armour
  4485 | D:5      | Reached skill level 3 in Stealth
  4485 | D:5      | Reached skill level 3 in Shields
  4485 | D:5      | Reached skill level 3 in Unarmed Combat
  4485 | D:5      | Reached skill level 3 in Evocations
  4485 | D:5      | Reached XP level 8. HP: 63/63 MP: 16/16
  4518 | D:5      | Killed Dowan
  4519 | D:5      | Reached skill level 6 in Spellcasting
  4761 | D:5      | You pick up a book of Spectacle and begin reading...
  4761 | D:5      | You add the spells Dazzling Flash, Iskenderun's Mystic
                  | Blast and Starburst to your library.
  4899 | D:5      | Noticed Sigmund
  4908 | D:5      | Killed Sigmund
  5030 | D:5      | HP: 15/64 [iguana (3)]
  5032 | D:5      | HP: 7/64 [poisoned by a water moccasin]
  5036 | D:5      | HP: 3/64 [poisoned by a water moccasin]
  5039 | D:5      | HP: 1/64 [poisoned by a water moccasin]
  5439 | D:5      | Reached skill level 4 in Invocations
  5486 | D:5      | You pick up a book of Party Tricks and begin reading...
  5486 | D:5      | You add the spells Apportation and Alistair's Intoxication
                  | to your library.
  5612 | D:6      | Reached skill level 3 in Hexes
  5612 | D:6      | Reached skill level 3 in Summonings
  5612 | D:6      | Reached skill level 3 in Necromancy
  5612 | D:6      | Reached skill level 3 in Translocations
  5612 | D:6      | Reached skill level 3 in Transmutations
  5612 | D:6      | Reached skill level 3 in Fire Magic
  5612 | D:6      | Reached skill level 3 in Ice Magic
  5612 | D:6      | Reached skill level 3 in Air Magic
  5612 | D:6      | Reached skill level 3 in Earth Magic
  5612 | D:6      | Reached skill level 3 in Poison Magic
  5791 | D:6      | Found a staircase to the Ecumenical Temple.
  5798 | Temple   | Entered the Ecumenical Temple
  5954 | D:6      | Reached skill level 6 in Fighting
  5954 | D:6      | Reached skill level 6 in Dodging
  6023 | D:6      | Reached XP level 9. HP: 67/69 MP: 18/18
  6102 | D:6      | HP: 14/69 [gnoll/+0 halberd[a gnoll bouda] (9)]
  6104 | D:6      | HP: 6/69 [water moccasin (7)]
  6105 | D:6      | HP: 2/69 [poisoned by a water moccasin]
  6106 | D:6      | Succumbed to a water moccasin's poison

Vanquished Creatures
  Menkaure (D:4)
  A small abomination (D:4)
  Duvessa (D:5)
  A water moccasin (D:5)
  2 ogres (D:5)
  2 centaurs
  2 phantoms (D:5)
  Blork the orc (D:4)
  A necrophage (D:4)
  A bullfrog (D:6)
  2 scorpions
  6 hounds
  Crazy Yiuf (D:2)
  A gnoll bouda (D:6)
  4 iguanas
  An orc wizard (D:4)
  Robin (D:4)
  5 gnolls (D:6)
  2 adders
  A white imp (D:6)
  An ufetubus (D:5)
  2 worms
  A dart slug (D:4)
  10 orcs
  4 bats (D:3)
  9 endoplasms
  4 giant cockroaches
  16 goblins
  11 hobgoblins
  10 jackals
  4 quokkas
  9 ball pythons
  2 frilled lizards
  9 kobolds
  5 rats
134 creatures vanquished.

Vanquished Creatures (collateral kills)
  An adder (D:5)
  An orc (D:5)
2 creatures vanquished.

Vanquished Creatures (others)
  Sigmund (D:5)
  Eustachio (D:4)
  Dowan (D:5)
  A kobold (D:4)
  3 plants (D:6)
7 creatures vanquished.

Grand Total: 143 creatures vanquished

Table legend:
 A = Non-vault XP
 B = Vault XP
 C = Vault XP percentage of total XP
 D = Non-vault monster count
 E = Vault monster count
 F = Vault count percentage of total count
                 A         B        C        D         E       F
            +---------+---------+-------+---------+---------+-------
      Total |    1707 |     688 |  28.7 |     120 |      19 |  13.7
            +---------+---------+-------+---------+---------+-------
        D:1 |      41 |       0 |   0.0 |      24 |       0 |   0.0
        D:2 |      28 |      40 |  58.8 |      16 |       1 |   5.9
        D:3 |      33 |       0 |   0.0 |      18 |       0 |   0.0
        D:4 |     263 |     324 |  55.2 |      25 |      15 |  37.5
        D:5 |     884 |     324 |  26.8 |      19 |       3 |  13.6
        D:6 |     458 |       0 |   0.0 |      18 |       0 |   0.0
            +---------+---------+-------+---------+---------+-------

Illustrated notes

Table legend:
 A = Kills in this place as a percentage of kills in entire the game.
 B = Kills by you in this place as a percentage of kills by you in the entire game.
 C = Kills by friends in this place as a percentage of kills by friends in the entire game.
 D = Other kills in this place as a percentage of other kills in the entire game.
 E = Experience gained in this place as a percentage of experience gained in the entire game.
 F = Experience gained in this place divided by the number of levels of this place that you have seen.
                   A       B       C       D       E      F
               +-------+-------+-------+-------+-------+----------------------
         Total | 100.0 | 100.0 | 100.0 | 100.0 | 100.0 | 342.1
       Dungeon | 100.0 | 100.0 | 100.0 | 100.0 | 100.0 | 399.2
               +-------+-------+-------+-------+-------+----------------------

Table legend: (Time is in decaauts)
 A = Elapsed time spent in this place.
 B = Non-inter-level travel time spent in this place.
 C = Inter-level travel time spent in this place.
 D = Time resting spent in this place.
 E = Time spent auto-exploring this place.
 F = Levels seen in this place.
 G = Mean time per level.
                   A        B        C        D        E       F      G
               +--------+--------+--------+--------+--------+-----+--------+
         Total |   6135 |   5963 |    172 |    665 |   4189 |   7 |  876.4 |
       Dungeon |   5957 |   5798 |    159 |    665 |   4031 |   6 |  992.8 |
        Temple |    178 |    165 |     13 |      0 |    158 |   1 |  178.0 |
               +--------+--------+--------+--------+--------+-----+--------+

Top non-repeatable levels by time:
     D:4: 1624 daAuts
     D:5: 1355 daAuts
     D:2: 965 daAuts
     D:1: 824 daAuts
     D:3: 818 daAuts
     D:6: 368 daAuts
  Temple: 178 daAuts
